 Dungeon Crawl Stone Soup version 0.17-a0-1475-g9f81d98 (webtiles) character file.

156 Boomshaker the Chucker (level 5, -10/55 HPs)
             Began as an Ogre Hunter on July 2, 2015.
             Mangled by Malachi's ghost (15 damage)
             ... on level 3 of the Dungeon.
             The game lasted 00:05:23 (3893 turns).

Boomshaker the Chucker (Ogre Hunter)                Turns: 3893, Time: 00:05:24

Health: -10/55     AC:  4    Str: 18    XL:     5   Next: 38%
Magic:  5/5        EV: 10    Int: 10    God:
Gold:   168        SH:  0    Dex: 10    Spells: 0 memorised, 4 levels left

rFire  . . .     SeeInvis +     j - +0 club
rCold  . . .     Clarity  .     d - +0 robe
rNeg   . . .     SustAt   .     (no shield)
rPois  .         Gourm    +     (helmet restricted)
rElec  .         Spirit   .     h - +0 cloak
rCorr  .         Warding  .     (gloves unavailable)
rMut   .         Stasis   .     (boots unavailable)
MR     .....                    u - amulet of the gourmand
Stlth  +.........               v - ring of wizardry
                                n - ring of see invisible

@: not resistant to hostile enchantments, very unstealthy
A: unfitting armour, tough skin 1
a: no special abilities


You were on level 3 of the Dungeon.
You were not hungry.

You visited 1 branch of the dungeon, and saw 3 of its levels.

You collected 168 gold pieces.

Inventory:

Hand weapons
 c - a +0 short sword
 j - a +0 club (weapon)
Armour
 d - a +0 robe (worn)
 h - a +0 cloak (worn)
 y - a +0 large shield
Jewellery
 n - a ring of see invisible (left hand)
 u - an amulet of the gourmand (around neck)
 v - a ring of wizardry (right hand)
Scrolls
 g - a scroll of teleportation {unknown}
 i - a scroll of magic mapping {unknown}
 l - 5 scrolls of identify {unknown}
 m - 2 scrolls of blinking {unknown}
 q - a scroll of enchant weapon {unknown}
 w - a scroll of recharging {unknown}
Potions
 o - 2 potions of invisibility {unknown}
 p - 2 potions of might {unknown}
 s - 2 potions of flight {unknown}
 x - a potion of magic {unknown}
 z - a potion of cancellation {unknown}
 A - 2 potions of brilliance {unknown}
Comestibles
 e - 2 bread rations
 f - 2 meat rations
 r - 4 fruits
 t - a royal jelly


   Skills:
 + Level 4.3 Fighting
 * Level 3.7 Maces & Flails
 + Level 5.2 Throwing
 + Level 2.2 Dodging
 - Level 0.7 Stealth


You had 4 spell levels left.
You didn't know any spells.

Dungeon Overview and Level Annotations

Branches:
Dungeon (3/15)

Altars:

Annotations:
D:3 Malachi's ghost, weakling CeFi


Innate Abilities, Weirdness & Mutations

You are too large for most types of armour.
You have tough skin (AC +1).


Message History

Malachi's ghost barely misses you.
You hit Malachi's ghost but do no damage.
Malachi's ghost is almost destroyed.
Malachi's ghost hits you!
* * * LOW HITPOINT WARNING * * *
Malachi's ghost barely misses you. Malachi's ghost hits you.
* * * LOW HITPOINT WARNING * * *
Drink which item? (? for menu, Esc to quit)
It was a potion of curing.
You feel better. Malachi's ghost hits you!
* * * LOW HITPOINT WARNING * * *
The orc wizard gestures wildly while chanting.
The orc wizard blinks!
The orc wizard gestures wildly while chanting.
The orc wizard blinks!
Malachi's ghost misses you. Malachi's ghost barely misses you.
Malachi's ghost keens inconsolably.
The orc wizard casts a spell.
The orc wizard seems to speed up.
Malachi's ghost hits you!
You die...

#..#.##.# #.#### #...# ##.
#..#.##.######....# ##...## #..
..................####.#.#.####..
#..#.##.#####.......#............
#.......# #........############
........# #..)....## #########
###...### #.......# #.##@##.#
#.##W##.# #.#..##.# #.#g###.#
#.#o..#.# #..o....# #.......#
#..o....# #.....>.#


You could see an orc wizard, Malachi's ghost, 2 orcs and a hobgoblin.

Vanquished Creatures
  4 gnolls (D:3)
  4 adders
  A worm (D:2)
  2 giant geckos
  An orc (D:3)
  8 goblins
  6 hobgoblins
  8 jackals
  6 kobolds
  2 quokkas
  2 ball pythons
  11 bats
  7 giant cockroaches
  A giant newt (D:1)
  9 rats
72 creatures vanquished.

Notes
Turn   | Place    | Note
--------------------------------------------------------------
     0 | D:1      | Boomshaker the Ogre Hunter began the quest for the Orb.
     0 | D:1      | Reached XP level 1. HP: 22/22 MP: 1/1
   492 | D:1      | Reached XP level 2. HP: 31/31 MP: 2/2
   875 | D:1      | Reached skill level 1 in Maces & Flails
   934 | D:1      | Reached XP level 3. HP: 28/39 MP: 3/3
  2465 | D:2      | Reached XP level 4. HP: 48/48 MP: 4/4
  3247 | D:3      | Reached skill level 5 in Throwing
  3257 | D:3      | Reached XP level 5. HP: 24/54 MP: 5/5
  3858 | D:3      | Noticed Malachi's ghost (weakling CeFi)
  3893 | D:3      | Mangled by Malachi's ghost

Vault maps used:
D:1:      minmay_arrival_plants_in_alcoves, minmay_misc_feat_x,
          hangedman_decor_push
D:2:      first_bread, minmay_splitting_lines
D:3:      uniq_crazy_yiuf_cottage, uniq_sigmund

Action                   |  1- 3 |  4- 6 || total
-------------------------+-------+-------++-------
Melee: Short sword       |    34 |       ||    34
       Club              |   199 |   153 ||   352
Throw: Large rock        |     3 |    14 ||    17
       Throwing net      |       |     3 ||     3
  Use: Potion            |       |     1 ||     1
 Stab: Sleeping          |     1 |       ||     1
  Eat: Chunk             |     5 |     9 ||    14
